Map: Old Republic LE

Players

LiquidMaNa (MaNa)

  • Race: Protoss Protoss
  • League: Grandmaster
  • Spawn Location: 7:00

SZsOs (sOs) - Winner!

  • Race: Protoss Protoss
  • Spawn Location: 1:00

VOD

Have the link to the VOD?

Description

Time

  • Played on: Jan. 30, 2026, 12:28 p.m.
  • Length: 22:36
Show
View Real Time Build Order
Export as new Build Order

LiquidMaNa Protoss 

Build Orders: Oracle Opening 

Get SALT Encoding   

  12  0:00  Probe  
  13  0:12  Probe  
  14  0:17  Pylon  
  14  0:23  Probe  
  15  0:32  Probe  
  15  0:35  Gateway  
  15  0:40  Probe  
  16  0:45  Assimilator  
  17  0:51  Probe  
  17  0:53  Assimilator  
  18  0:59  Probe  
  19  1:06  Gateway  
  19  1:07  Probe  
  20  1:17  Probe  
  20  1:23  Cybernetics Core  
  21  1:29  Probe  
  22  1:36  Pylon  
  22  1:41  Probe  
  23  1:54  Probe  
  24  1:58  Stalker  
  24  1:59  Stargate  
  27  2:08  Warp Gate  
  26  2:23  Probe  
  27  2:34  Oracle  
  27  2:36  Nexus  
  26  2:47  Probe  
  30  2:59  Probe  
  31  3:07  Pylon  
  31  3:10  Pylon  
  31  3:24  Nexus  
  31  3:28  Probe  
  32  3:34  Twilight Council  
  32  3:40  Probe  
  33  3:44  Probe  
  34  3:52  Probe x2  
  35  3:57  Stalker  
  35  4:01  Blink  
  35  4:02  Probe  
  38  4:04  Probe  
  40  4:14  Probe  
  40  4:17  Probe  
  42  4:19  Gateway  
  42  4:23  Gateway  
  42  4:26  Probe  
  42  4:29  Probe  
  44  4:36  Stalker  
  44  4:38  Probe  
  47  4:42  Probe x2  
  49  4:46  Stalker  
  49  4:49  Pylon  
  49  4:52  Probe  
  52  4:54  Probe x2  
  52  4:58  Pylon  
  54  5:00  Stalker  
  56  5:08  Shield Battery  
  56  5:09  Probe x2  
  56  5:10  Probe  
  56  5:12  Stalker  
  61  5:20  Stalker  
  61  5:21  Probe x2  
  64  5:22  Stalker  
  64  5:25  Probe  
  64  5:26  Stalker  
  70  5:30  Probe  
  70  5:33  Probe  
  70  5:34  Probe, Forge  
  72  5:36  Sentry  
  72  5:38  Probe  
  72  5:42  Probe  
  76  5:43  Stalker  
  76  5:45  Probe  
  76  5:48  Stalker  
  82  5:50  Protoss Ground Weapons Level 1  
  82  5:52  Pylon  
  82  5:56  Stalker  
  84  6:02  Probe  
  85  6:06  Pylon  
  85  6:07  Phoenix, Pylon  
  85  6:10  Probe x2, Gateway  
  87  6:12  Pylon  
  87  6:19  Stalker x2  
  87  6:20  Stalker  
  87  6:25  Stalker  
  95  6:27  Probe  
  98  6:37  Gateway x2  
  96  6:40  Nexus  
  96  6:42  Gateway  
  96  6:47  Stalker x2  
  96  6:48  Stalker  
  96  6:52  Probe x3  
  105  6:56  Assimilator  
  105  7:02  Photon Cannon  
  105  7:05  Photon Cannon  
  105  7:09  Stalker x2  
  105  7:14  Stalker  
  111  7:18  Probe x2  
  111  7:21  Photon Cannon, Pylon  
  111  7:22  Probe  
  114  7:30  Probe x2  
  114  7:34  Probe  
  113  7:37  Stalker  
  113  7:38  Stalker  
  113  7:40  Pylon  
  113  7:43  Stalker x3, Pylon  
  123  7:51  Pylon  
  118  8:05  Stalker x2  
  118  8:06  Stalker x2  
  118  8:07  Probe  
  118  8:11  Probe x2  
  127  8:13  Probe, Charge  
  127  8:15  Stalker  
  127  8:19  Probe  
  121  8:23  Probe  
  121  8:24  Probe  
  121  8:26  Zealot, Stalker  
  117  8:28  Probe  
  117  8:31  Probe  
  117  8:33  Protoss Ground Weapons Level 2  
  117  8:36  Zealot  
  117  8:37  Zealot x4  
  127  8:43  Robotics Facility  
  127  8:46  Zealot x2  
  131  8:48  Assimilator  
  131  8:55  Gateway  
  131  9:00  Nexus  
  131  9:02  Gateway  
  131  9:12  Probe  
  132  9:22  Stalker x2, Zealot x6  
  148  9:29  Immortal  
  134  9:43  Pylon  
  134  9:44  Pylon x2, Stalker x3, Zealot x3  
  134  9:45  Zealot x2  
  154  9:50  Shield Battery, Photon Cannon  
  154  9:54  Pylon  
  154  9:56  Pylon x2  
  154  9:57  Stalker  
  156  10:04  Immortal  
  156  10:05  Zealot x6  
  168  10:13  Pylon  
  172  10:19  Forge  
  172  10:22  Assimilator  
  172  10:27  Photon Cannon  
  172  10:28  Shield Battery  
  172  10:29  Pylon  
  172  10:35  Zealot x7, Templar Archives  
  184  10:36  Zealot  
  184  10:38  Warp Prism  
  185  10:45  Zealot x2  
  188  11:02  Stalker x4  
  192  11:13  Zealot x4  
  200  11:25  Zealot x3  
  199  11:26  Zealot  
  199  11:29  Observer  
  183  11:37  Stalker x6  
  182  11:54  Stalker x3  
  178  12:04  Zealot x2  
  152  12:15  Gateway  
  131  12:16  Gateway  
  131  12:18  Gateway  
  131  12:19  Gateway, Probe  
  131  12:21  Zealot, Probe  
  124  12:23  Probe  
  125  12:31  Zealot x2  
  125  12:32  Probe x2  
  131  12:39  Observer  
  131  12:42  Gateway  
  131  12:43  Cybernetics Core  
  131  12:46  Zealot  
  131  12:50  Pylon  
  134  12:56  Pylon  
  134  12:59  Pylon  
  134  13:02  Probe x3  
  133  13:10  Zealot x7  
  140  13:17  Zealot x2  
  140  13:18  Probe x2  
  140  13:19  Immortal  
  149  13:25  Probe x2  
  151  13:30  Shield Battery  
  151  13:34  Forge  
  151  13:35  Stalker x7  
  151  13:37  Stalker  
  167  13:43  Stalker x2  
  171  13:54  Probe x2  
  166  14:03  Zealot x8  
  176  14:12  Zealot x2  
  176  14:14  Probe x2  
  178  14:20  Immortal  
  171  14:24  Probe  
  171  14:26  Stalker x2  
  171  14:27  Stalker x2  
  173  14:38  Zealot x5  
  179  14:41  Stalker  
  175  14:54  Zealot x4  
  175  14:59  Observer  
  180  15:02  Stalker x4  
  180  15:03  Stalker  
  180  15:06  Stalker  
  192  15:09  Assimilator  
  192  15:10  Assimilator  
  188  15:27  Zealot x6  
  199  15:29  Observer  
  199  15:30  Observer  
  197  15:47  Warp Prism  
  191  16:05  Zealot x3  
  173  16:19  Stalker x7  
  145  16:31  Stalker x3  
  106  16:42  Observer, Zealot x4  
  106  16:43  Zealot x3  
  111  17:00  Zealot x3  
  101  17:04  Zealot x3  
  101  17:07  Zealot  
  101  17:08  Zealot x3  
  113  17:12  Cybernetics Core  
  111  17:20  Zealot x3  
  117  17:27  Probe x2  
  117  17:31  Zealot x4  
  117  17:34  Probe  
  126  17:40  Zealot x2  
  124  17:58  Stalker x6  
  131  18:14  Observer  
  113  18:22  Stalker x4  
  113  18:23  Stalker x3  
  119  18:29  Stalker x2  
  119  18:30  Sentry  
  125  18:41  Shield Battery  
  125  18:48  Shield Battery  
  125  18:49  Stalker x3  
  125  18:50  Stalker  
  133  19:09  Stalker x5  
  142  19:17  Observer  
  136  19:27  Stalker x4  
  136  19:30  Zealot  
  143  19:35  Zealot  
  143  19:36  Zealot  
  104  20:07  Cybernetics Core  
  95  20:45  Stalker x10  
  115  20:56  Observer  
  95  21:12  Stalker  
  95  21:13  Stalker x4  
  95  21:24  Observer  
  94  22:00  Pylon  
  94  22:07  Observer  
Show
View Real Time Build Order
Export as new Build Order

SZsOs Protoss - Winner!

Build Orders: 1 Gate Expand, Phoenix Opening, Blink Stalkers, Chargelot Immortal 

Get SALT Encoding   

  12  0:00  Probe  
  13  0:12  Probe  
  14  0:16  Pylon  
  14  0:24  Probe  
  15  0:35  Probe  
  15  0:37  Gateway  
  16  0:43  Probe, Assimilator  
  17  0:51  Probe  
  18  1:03  Probe  
  19  1:15  Probe  
  20  1:22  Nexus  
  20  1:31  Cybernetics Core  
  20  1:34  Probe  
  20  1:39  Assimilator  
  21  1:46  Probe  
  22  1:50  Pylon  
  22  1:58  Probe  
  23  2:07  Warp Gate, Sentry  
  25  2:08  Phoenix  
  25  2:10  Probe  
  26  2:22  Probe  
  27  2:23  Shield Battery  
  27  2:28  Stalker  
  27  2:34  Probe x2  
  31  2:46  Probe  
  31  2:47  Probe  
  33  2:56  Twilight Council  
  33  2:57  Gateway  
  33  2:58  Sentry  
  33  3:00  Probe x2  
  37  3:06  Pylon  
  37  3:08  Probe x2  
  37  3:09  Phoenix  
  39  3:16  Probe x2  
  39  3:20  Blink  
  41  3:27  Pylon, Probe x2  
  43  3:36  Pylon  
  43  3:39  Probe x2  
  44  3:51  Probe x2  
  44  3:55  Stalker  
  48  3:56  Stalker  
  50  4:04  Probe  
  50  4:05  Probe  
  50  4:06  Gateway  
  52  4:17  Probe x2  
  54  4:28  Stalker  
  54  4:29  Phoenix  
  55  4:35  Probe x2  
  55  4:40  Forge  
  55  4:41  Nexus  
  54  4:47  Probe x2  
  54  4:49  Stalker  
  54  4:51  Stalker  
  60  4:58  Probe  
  60  4:59  Probe, Assimilator  
  62  5:01  Protoss Ground Weapons Level 1  
  62  5:10  Pylon  
  62  5:12  Phoenix  
  62  5:13  Charge  
  62  5:14  Pylon  
  62  5:28  Probe x2  
  64  5:38  Probe  
  64  5:39  Probe, Pylon  
  66  5:43  Phoenix  
  66  5:45  Gateway x2  
  66  5:46  Gateway, Probe  
  66  5:47  Probe  
  66  5:48  Gateway  
  66  5:54  Probe  
  66  5:55  Probe x2  
  69  6:00  Gateway  
  69  6:01  Gateway  
  69  6:03  Probe  
  71  6:04  Assimilator  
  71  6:06  Probe  
  71  6:07  Probe, Shield Battery  
  71  6:11  Probe  
  74  6:14  Robotics Facility  
  74  6:17  Pylon  
  73  6:18  Stalker, Probe  
  73  6:19  Probe  
  73  6:23  Probe  
  76  6:26  Stalker x2  
  76  6:30  Pylon  
  80  6:45  Protoss Ground Weapons Level 2  
  80  6:46  Pylon, Stalker x3  
  86  6:48  Pylon  
  86  6:53  Adept x2  
  90  7:02  Observer  
  90  7:03  Nexus  
  90  7:05  Photon Cannon  
  89  7:09  Adept x2  
  89  7:12  Immortal, Stalker x3  
  97  7:19  Stalker  
  103  7:27  Stalker x2, Zealot  
  103  7:41  Immortal, Probe x3  
  103  7:42  Shield Battery  
  103  7:43  Stalker x3  
  115  7:59  Stalker x5  
  117  8:07  Stalker x2  
  117  8:10  Immortal  
  119  8:14  Zealot x2  
  100  8:31  Probe x4  
  104  8:37  Photon Cannon  
  104  8:38  Sentry  
  104  8:40  Immortal  
  106  8:42  Zealot x4  
  106  8:43  Photon Cannon  
  106  8:44  Dark Shrine  
  114  8:48  Probe x2  
  114  8:50  Probe  
  121  8:57  Pylon  
  121  9:02  Stalker x3  
  127  9:03  Zealot  
  127  9:06  Pylon  
  127  9:08  Protoss Ground Weapons Level 3  
  128  9:19  Nexus  
  127  9:26  Immortal  
  125  9:43  Probe x3  
  128  9:46  Zealot x2  
  128  9:48  Nexus  
  128  9:49  Pylon  
  132  9:54  Pylon  
  132  9:59  Pylon  
  132  10:04  Observer  
  132  10:09  Shadow Stride  
  132  10:10  Zealot  
  132  10:14  Zealot x7  
  136  10:20  Robotics Bay  
  148  10:27  Photon Cannon  
  148  10:28  Shield Battery  
  148  10:29  Observer  
  148  10:31  Probe x3  
  148  10:32  Pylon  
  148  10:33  Zealot x2  
  148  10:34  Zealot x2  
  160  10:46  Robotics Facility  
  160  10:48  Zealot x2  
  160  10:49  Zealot x3  
  170  10:55  Probe x2  
  170  10:56  Probe x2, Disruptor  
  172  10:57  Assimilator  
  172  10:59  Assimilator  
  175  11:20  Dark Templar  
  175  11:21  Dark Templar x2  
  175  11:22  Zealot x3  
  176  11:28  Dark Templar  
  176  11:29  Probe  
  173  11:39  Zealot x2  
  167  11:41  Shield Battery  
  167  11:45  Disruptor  
  158  12:03  Zealot x3  
  158  12:04  Zealot x6  
  150  12:09  Disruptor  
  116  12:23  Probe  
  116  12:29  Archon  
  111  12:30  Dark Templar  
  111  12:32  Zealot x8  
  111  12:35  Probe  
  128  12:41  Disruptor  
  128  12:42  Disruptor, Photon Cannon  
  123  12:53  Zealot  
  123  12:54  Zealot x2, Stalker  
  123  12:55  Zealot x4  
  147  13:03  Photon Cannon  
  147  13:08  Stalker  
  147  13:13  Protoss Ground Armor Level 1  
  147  13:17  Dark Templar  
  147  13:19  Zealot x7  
  153  13:39  Stalker x2  
  153  13:40  Stalker x3  
  163  13:45  Pylon  
  163  13:48  Pylon  
  163  13:49  Pylon  
  163  13:50  Pylon  
  163  13:53  Pylon  
  153  14:05  Zealot x8  
  163  14:21  Stalker  
  157  14:29  Disruptor x2  
  141  14:40  Zealot x6  
  141  14:42  Dark Templar  
  161  15:02  Nexus  
  161  15:03  Templar Archives  
  161  15:05  Observer  
  162  15:07  Zealot x4  
  166  15:41  Pylon  
  166  15:42  Assimilator  
  166  15:49  High Templar  
  168  15:50  High Templar x5  
  168  15:51  High Templar x2  
  168  15:54  Zealot  
  168  15:56  Archon x4  
  180  16:15  Zealot  
  180  16:22  Zealot x4  
  115  16:33  Zealot x4  
  107  16:40  Immortal  
  107  16:41  Immortal  
  105  16:48  Zealot x4  
  107  17:04  High Templar x4  
  107  17:05  Stalker  
  107  17:08  Archon x2  
  115  17:11  High Templar  
  115  17:12  High Templar, Zealot  
  115  17:13  Probe  
  115  17:14  Pylon  
  122  17:16  Archon  
  122  17:20  Immortal x2  
  128  17:26  Zealot  
  128  17:34  Photon Cannon  
  128  17:35  Zealot x2  
  128  17:36  Shield Battery  
  132  17:38  Dark Templar  
  132  17:39  Zealot x3  
  140  17:46  Zealot x3  
  146  17:59  Dark Templar  
  146  18:00  Dark Templar x2, Zealot x2  
  152  18:12  Dark Templar  
  144  18:13  Nexus  
  144  18:15  Probe  
  144  18:17  Immortal  
  139  18:22  Observer  
  144  18:27  Archon  
  144  18:42  Zealot x3  
  144  18:43  Zealot x5  
  160  18:48  Photon Cannon  
  160  18:53  Zealot  
  160  19:06  High Templar x2, Zealot  
  160  19:07  Zealot x4  
  174  19:10  Archon  
  170  19:32  Dark Templar x2  
  170  19:33  Zealot x5  
  184  19:41  Archon  
  150  20:02  Nexus  
  150  20:04  Dark Templar  
  150  20:06  Stalker x5  
  153  20:43  Stalker x5  
  153  20:44  Stalker x3, Zealot  
  151  21:04  Photon Cannon  
  137  21:27  Dark Templar  
  137  21:34  Nexus  
  137  21:36  Observer  
  137  21:41  Observer  
  137  21:42  Assimilator  
  137  21:43  Assimilator  
  138  22:02  Observer  
Tags
 
Add a new tag
Caveats
  • Supply blocks, unpowered buildings, or Contaminate may cause inaccurate times.
  • Supply counts are checked every 10 seconds.